 Dungeon Crawl Stone Soup version 0.31-a0-965-g8a8ce12e04 (webtiles) character file.

Game seed: 7498827927331377431

35 Gladio the Slasher (level 3, -1/29 HPs)
             Began as a Demigod Gladiator on Oct 26, 2023.
             Slain by Terence
             ... wielding a +0 flail
              (6 damage)
             ... on level 2 of the Dungeon.
             The game lasted 00:01:23 (927 turns).

Gladio the Slasher (Demigod Gladiator)               Turns: 927, Time: 00:01:24

Health: -1/29      AC:  4    Str: 15    XL:     3   Next: 2%
Magic:  0/5        EV: 13    Int: 10    God:
Gold:   46         SH:  0    Dex: 19    Spells: 2/2 levels left

rFire   . . .        a - +0 long sword
rCold   . . .        (no shield)
rNeg    . . .        b - +0 leather armour
rPois   .            c - +0 helmet
rElec   .            (no cloak)
rCorr   .            (no gloves)
SInv    .            (no boots)
Will    .....        k - amulet of guardian spirit
Stlth   +            (no ring)
HPRegen 0.24/turn    (no ring)
MPRegen 0.09/turn

%: guardian spirit
@: no status effects
A: high MP 1, forlorn, divine attributes
a: no special abilities


You were on level 2 of the Dungeon.
You visited 1 branch of the dungeon, and saw 2 of its levels.

You collected 46 gold pieces.

Inventory:

Hand Weapons
 a - a +0 long sword (weapon)
Missiles
 d - 3 throwing nets (quivered)
 e - a javelin
Armour
 b - a +0 leather armour (worn)
 c - a +0 helmet (worn)
Jewellery
 j - a ring of fire
 k - an amulet of guardian spirit (around neck)
Scrolls
 g - 2 scrolls of identify {unknown}
 h - a scroll of butterflies {unknown}
 m - a scroll of poison {unknown}
Potions
 f - 2 potions of lignification {unknown}
 i - a potion of haste {unknown}
 l - a potion of mutation {unknown}
 n - a potion of degeneration {unknown}


   Skills:
 + Level 2.1 Fighting
 * Level 3.2 Long Blades
 - Level 1.7 Throwing
 + Level 0.9 Armour
 + Level 3.0 Dodging


You had 2 spell levels left.
You didn't know any spells.
Your spell library contained the following spells:

 Spells                   Type           Power      Damage    Failure   Level
 Sublimation of Blood     Necr           0%         N/A       56%         2
 Wereblood                Tmut           0%         N/A       56%         2
 Summon Hydra             Summ           0%         N/A       100%        7


Dungeon Overview and Level Annotations

Branches:
Dungeon (2/15)

Shops:
D:2 :

Annotations:
D:2 Terence


Innate Abilities, Weirdness & Mutations

You have an increased reservoir of magic. (+10% MP)
You shall have no god before yourself.
Your divine heritage dramatically boosts your attributes as you level up.


Message History

Terence is nearby!
You closely miss Terence. Terence hits you with a +0 flail.
You hit Terence but do no damage. You punch Terence, but do no damage.
Terence misses you.
You barely miss Terence. Terence closely misses you.
You barely miss Terence. Terence hits you with a +0 flail!
Terence barely misses you.
You slash Terence!
Terence is severely wounded.
Terence hits you with a +0 flail.
You are too injured to fight recklessly!
You are too injured to fight recklessly!
You are too injured to fight recklessly!
You are too injured to fight recklessly!
You are too injured to fight recklessly!
You are too injured to fight recklessly!
You are too injured to fight recklessly!
You are too injured to fight recklessly!
You are too injured to fight recklessly!
You are too injured to fight recklessly!
You are too injured to fight recklessly!
You are too injured to fight recklessly!
You are too injured to fight recklessly!
You are too injured to fight recklessly!
You are too injured to fight recklessly!
You hit Terence but do no damage.
Terence is severely wounded.
Terence says, "You're history."
Terence hits you with a +0 flail.
You hit Terence but do no damage.
Terence is severely wounded.
Terence hits you with a +0 flail.
You completely miss Terence.
Terence is severely wounded.
Terence barely misses you. Terence hits you with a +0 flail.
* * * LOW HITPOINT WARNING * * *
You hit Terence but do no damage.
Terence is severely wounded.
Terence hits you with a +0 flail!
You die...

#######
################.....#
...............#.....#
...............#.....#
...............#@....#
...............#@....##
...............'.....'.'
...............#.....###
...............#.....#
...............#.....#
...............#.....#
...............#######
'###+########### .# #.#
###


You could see Terence.

Vanquished Creatures
  A dart slug (D:1)
  4 ball pythons
  4 endoplasms (D:1)
  5 goblins
  A hobgoblin (D:1)
  3 jackals (D:1)
  A kobold (D:2)
  5 bats
  2 frilled lizards (D:1)
  3 rats (D:1)
29 creatures vanquished.

Notes
Turn   | Place    | Note
-------+----------+-------------------------------------------
     0 | D:1      | Gladio the Demigod Gladiator began the quest for the Orb.
     0 | D:1      | Reached XP level 1. HP: 17/17 MP: 3/3
    91 | D:1      | Reached XP level 2. HP: 24/24 MP: 4/4
   772 | D:2      | Found Gayjon's Book Shop.
   871 | D:2      | Reached XP level 3. HP: 27/29 MP: 5/5
   917 | D:2      | Noticed Terence
   927 | D:2      | Slain by Terence

Illustrated notes

Levels and vault maps discovered:
D:1:      shiori_arrival_elements, layout_basic
D:2:      layout_basic, serial_shops, nicolae_shop_statue_plus, uniq_terence

Skill      XL: |  1  2 |
---------------+-------+-----
Fighting       | 2 |  2.1
Long Blades    | 3 |  3.2
Dodging        | 3 |  3.0
Throwing       | |  1.7
Armour         | |  0.9

Action                     || total
---------------------------++-------
  Melee: Long sword        ||   100
         Punch             ||     2
 Armour: Leather armour    ||    66
  Dodge: Dodged            ||    85

Table legend: (Time is in decaauts)
 A = Elapsed time spent in this place.
 B = Non-inter-level travel time spent in this place.
 C = Inter-level travel time spent in this place.
 D = Time resting spent in this place.
 E = Time spent auto-exploring this place.
 F = Levels seen in this place.
 G = Mean time per level.
                   A        B        C        D        E       F      G
               +--------+--------+--------+--------+--------+-----+--------+
         Total |    951 |    942 |      9 |      0 |    707 |   2 |  475.5 |
       Dungeon |    951 |    942 |      9 |      0 |    707 |   2 |  475.5 |
               +--------+--------+--------+--------+--------+-----+--------+

Top non-repeatable levels by time:
     D:1: 751 daAuts
     D:2: 199 daAuts
